 Dungeon Crawl Stone Soup version 0.26.0-15-gc6cd9f700b (webtiles) character file.

Game seed: 9758547234608726747

392 Jerry the Cudgeller (level 6, -3/62 HPs)
             Began as a Troll Berserker on Jan 16, 2021.
             Was a Priest of Trog.
             Slain by a river rat (4 damage)
             ... summoned by Eustachio
             ... on level 3 of the Dungeon.
             The game lasted 00:09:03 (2479 turns).

Jerry the Cudgeller (Troll Berserker)               Turns: 2479, Time: 00:09:03

Health: -3/62      AC:  6    Str: 25 (26) XL:     6   Next: 50%
Magic:  5/5        EV: 10    Int:  2 (5)  God:    Trog [***...]
Gold:   252        SH:  0    Dex:  6 (9)  Spells: 5/5 levels left

rFire    + . .     SeeInvis .   i - +0 whip
rCold    . . .     Faith    .   (no shield)
rNeg     . . .     Spirit   .   b - +0 animal skin
rPois    .         Reflect  .   (helmet restricted)
rElec    .         Harm     .   (no cloak)
rCorr    .         Rampage  .   (gloves unavailable)
Will     .....                  (boots unavailable)
Stlth    +.........             (no amulet)
HPRegen  0.60/turn              q - ring of protection from fire
MPRegen  0.09/turn              (no ring)

@: lethally poisoned (-3 -> -3)
A: large, unfitting armour, claws 3, regeneration 1, shaggy fur 1, tough skin 3
a: Renounce Religion, Berserk, Trog's Hand


You were on level 3 of the Dungeon.
You worshipped Trog.
Trog was most pleased with you.
You visited 1 branch of the dungeon, and saw 4 of its levels.

You collected 252 gold pieces.

Inventory:

Hand Weapons
 i - a +0 whip (weapon)
Missiles
 r - 3 large rocks
Armour
 b - a +0 animal skin (worn)
Jewellery
 q - a ring of protection from fire (left claw)
Wands
 n - a wand of polymorph (10)
Scrolls
 e - a scroll of teleportation {unknown}
 f - 2 scrolls of remove curse {unknown}
 g - 2 scrolls of identify {unknown}
 l - a scroll of blinking {unknown}
 m - a scroll of immolation {unknown}
 o - a scroll of enchant weapon {unknown}
Potions
 a - a potion of haste
 c - 3 potions of degeneration
 d - a potion of ambrosia
 j - a potion of berserk rage {unknown}
 k - 2 potions of curing {unknown}
 p - a potion of heal wounds


   Skills:
 + Level 3.6 Fighting
 * Level 5.1 Maces & Flails
 + Level 3.6 Dodging


You had 5 spell levels left.
You didn't know any spells.
Your spell library was empty.

Dungeon Overview and Level Annotations

Branches:
Dungeon (4/15)             Temple (0/1) D:4

Altars:
Zin

Shops:
D:4 (

Annotations:
D:3 Eustachio


Innate Abilities, Weirdness & Mutations

You are too large for most types of armour.
You have claws for hands.
Your natural rate of healing is unusually fast.
You are covered in fur. (AC +1)
You have extremely tough skin. (AC +3)


Message History

* * * LOW HITPOINT WARNING * * *
The quokka bites you but does no damage.
You closely miss Eustachio.
Eustachio is moderately wounded.
You feel sick. The river rat bites you.
* * * LOW HITPOINT WARNING * * *
The quokka bites you.
* * * LOW HITPOINT WARNING * * *
The quokka barely misses you.
The river rat bites you but does no damage.
Eustachio barely misses you.
You completely miss Eustachio.
Eustachio is moderately wounded.
The quokka bites you.
* * * LOW HITPOINT WARNING * * *
The river rat bites you.
* * * LOW HITPOINT WARNING * * *
The quokka bites you but does no damage.
The river rat bites you.
You die...

#......###........#####.#.#
##########.######.# #.#.#
#######..# #.# #.#.#
###.......#######.### #.#.#
....########.....)..# #.#.#
##### #........# #.#.###
#........# #.....#
#...r@...# #.....#
#...r@...# ##....#
#..>rr...# #....#
#........# #....#
#........# #....#
#........# #....#
########## #....# #....#
######


You could see Eustachio, 2 river rats and 2 quokkas.

Vanquished Creatures
  A scorpion (D:4)
  A hound (D:4)
  Jessica (D:2)
  A bullfrog skeleton (D:4)
  2 orc wizards
  2 worker ants (D:4)
  A hound skeleton (D:4)
  5 adders
  A white imp (D:3)
  An ooze (D:2)
  A worm (D:2)
  A dart slug (D:3)
  A leopard gecko (D:4)
  17 orcs
  6 bats
  6 giant cockroaches
  7 goblins
  5 hobgoblins
  3 jackals (D:3)
  10 kobolds
  A ball python (D:1)
  6 frilled lizards
  8 rats
88 creatures vanquished.

Notes
Turn   | Place    | Note
-------+----------+-------------------------------------------
     0 | D:1      | Jerry the Troll Berserker began the quest for the Orb.
     0 | D:1      | Reached XP level 1. HP: 22/22 MP: 0/0
    93 | D:1      | Reached skill level 3 in Maces & Flails
    94 | D:1      | Reached XP level 2. HP: 21/29 MP: 1/1
   530 | D:2      | Reached ** piety under Trog
   590 | D:2      | Reached XP level 3. HP: 23/36 MP: 2/2
   822 | D:2      | Reached XP level 4. HP: 44/44 MP: 3/3
  1039 | D:2      | Noticed Jessica
  1046 | D:2      | Killed Jessica
  1290 | D:2      | Found a glowing silver altar of Zin.
  1377 | D:3      | Reached skill level 4 in Maces & Flails
  1614 | D:3      | Reached XP level 5. HP: 46/53 MP: 4/4
  1663 | D:3      | Reached *** piety under Trog
  1941 | D:4      | Found a staircase to the Ecumenical Temple.
  2058 | D:4      | Reached XP level 6. HP: 44/61 MP: 5/5
  2194 | D:4      | HP: 3/61 [orc wizard/+0 dagger (4)]
  2200 | D:4      | HP: 3/61 [hound (5)]
  2205 | D:4      | Reached skill level 5 in Maces & Flails
  2206 | D:4      | HP: 3/91 [orc wizard/+0 dagger (4)]
  2298 | D:4      | Found Ehewn's Antique Weapon Emporium.
  2308 | D:4      | Noticed Eustachio
  2479 | D:3      | HP: 1/62 [river rat[Eustachio] (5)]
  2479 | D:3      | Slain by a river rat

Illustrated notes

Levels and vault maps discovered:
D:1:      shiori_arrival_elements, layout_rooms
D:2:      layout_loops_ring, lemuel_coloured_pillars_altar, uniq_jessica
D:3:      layout_rooms
D:4:      layout_cave_pools, minmay_temple_entry_drinking_statues, serial_shops,
          shop, kennysheep_okawaru_gauntlet, uniq_eustachio

Skill      XL: |  1  2  3  4  5  6 |
---------------+-------------------+-----
Maces & Flails | 3 4 5 |  5.1
Fighting       | 3 |  3.6
Dodging        | 3 |  3.6

Action                   |  1- 3 |  4- 6 || total
-------------------------+-------+-------++-------
Melee: Mace              |    76 |       ||    76
       Whip              |    98 |   304 ||   402
       Unarmed           |       |     2 ||     2
Invok: Trog's Hand       |       |     3 ||     3
       Berserk           |       |     2 ||     2
  Use: Potion            |       |     5 ||     5
Armor: Animal skin       |    95 |   169 ||   264
Dodge: Dodged            |   117 |   193 ||   310
